 Dungeon Crawl Stone Soup version 0.25-a0-591-g2ad0d861f1 (webtiles) character file.

Game seed: 16744288723740137040, levelgen mode: deterministic

359 Gynju the Magician (level 6, -1/32 HPs)
             Began as a Deep Elf Summoner on Mar 14, 2020.
             Killed by divine providence
             ... invoked by an orc priest
              (11 damage)
             ... on level 5 of the Dungeon.
             The game lasted 00:13:32 (5652 turns).

Gynju the Magician (Deep Elf Summoner)              Turns: 5652, Time: 00:13:32

Health: -1/32      AC:  4    Str:  7    XL:     6   Next: 37%
Magic:  0/15       EV: 14    Int: 20    God:
Gold:   285        SH:  0    Dex: 15    Spells: 8/15 levels left

rFire    . . .     SeeInvis .   j - +1 short sword (speed)
rCold    . . .     Gourm    .   (no shield)
rNeg     . . .     Faith    .   i - +0 robe (curse)
rPois    .         Spirit   .   (no helmet)
rElec    .         Reflect  .   (no cloak)
rCorr    .         Harm     .   (no gloves)
MR       .....                  a - +1 pair of boots
Stlth    +++.......             (no amulet)
HPRegen  0.10/turn              (no ring)
MPRegen  0.14/turn              (no ring)

@: no status effects
A: no striking features
a: no special abilities


You were on level 5 of the Dungeon.
You were near starving.

You visited 1 branch of the dungeon, and saw 5 of its levels.

You collected 285 gold pieces.

Inventory:

Hand Weapons
 j - a +1 short sword of speed (weapon)
Armour
 a - a +1 pair of boots (worn)
 b - a +0 leather armour
 i - a cursed +0 robe (worn)
Wands
 r - a wand of polymorph (2)
Scrolls
 d - a scroll of immolation {unknown}
 e - a scroll of teleportation {unknown}
 h - 3 scrolls of identify {unknown}
 k - 3 scrolls of remove curse {unknown}
 p - a scroll of fog {unknown}
 s - 2 scrolls of enchant armour {unknown}
 v - a scroll of fear {unknown}
 w - a scroll of noise {unknown}
Potions
 f - a potion of invisibility {unknown}
 g - a potion of ambrosia {unknown}
 l - a potion of lignification {unknown}
 m - 2 potions of degeneration {unknown}
 n - a potion of curing {unknown}
 o - a potion of flight {unknown}
 q - 2 potions of stabbing {unknown}
 t - a potion of might {unknown}
 u - a potion of haste {unknown}
Comestibles
 c - 8 rations


   Skills:
 + Level 4.5 Dodging
 + Level 4.8 Stealth
 + Level 5.2 Spellcasting
 - Level 5.0 Summonings
 + Level 2.2 Air Magic


You had 8 spell levels left.
You knew the following spells:

 Your Spells              Type           Power        Failure   Level  Hunger
a - Call Imp              Summ           ####....     2%          2    None
b - Summon Small Mammal   Summ           ####         1%          1    None
c - Summon Lightning Spi  Summ/Air       ###.....     26%         4    ####...

Your spell library contained the following spells:

 Spells                   Type           Power        Failure   Level  Hunger
 Call Canine Familiar     Summ           ####....     4%          3    ##.....
 Summon Guardian Golem    Hex/Summ       ###.....     12%         3    ##.....
 Summon Ice Beast         Ice/Summ       ###.....     38%         4    ####...


Dungeon Overview and Level Annotations

Branches:
Dungeon (5/15)
 Temple: D:4-7

Altars:
Makhleb
Okawaru
Qazlal
Sif Muna
Yredelemnul

Annotations:
D:5 Sigmund


Message History

An orc wizard comes into view. It is wielding a +0 dagger.
Your shadow imp hits Menkaure.
Menkaure is destroyed!
Your white imp barely misses the orc priest.
The orc priest hits your white imp with a +0 hand axe.
What are your orders? t - Shout!
Orders for allies: a - Attack new target. r - Retreat! s - Stop attacking. g - Guard the area. f - Follow me.
Anything else - Cancel.
Gang up on whom?
Press: ? - help, Dir - move target cursor, f - orc priest
Aim: an orc priest, wielding a +0 hand axe (severely wounded) Attack!
Your crimson imp blinks!
Your white imp hits the orc priest.
Your white imp freezes the orc priest.
The orc priest invokes the aid of Beogh against you.
Beogh smites you!
You die...

.# #5# <.#
###
.5Z.....
..##
..h.....
.5.
#....5.. .
###5o#
....... ...
#.§5.#
.....#.
.....#.§..#
@##.##
.......@#
## ##
.#.....§#
#.......
#........
#.......#.
####....##.
###### ##


You could see an orc priest, a friendly crimson imp, a friendly white imp and a
friendly shadow imp.

Vanquished Creatures
  Natasha (D:2)
  2 orcs (D:3)
  2 giant cockroaches
  3 goblins (D:2)
  4 hobgoblins
  A frilled lizard (D:3)
  A rat (D:3)
14 creatures vanquished.

Vanquished Creatures (collateral kills)
  Menkaure (D:5)
  Edmund (D:4)
  An ogre (D:4)
  An orc wizard (D:3)
  An orc priest (D:3)
  An iguana (D:4)
  Natasha (twice) (D:2)
  2 worker ants (D:4)
  Robin (D:2)
  3 adders
  An ooze (D:1)
  A worm (D:3)
  5 dart slugs
  2 leopard geckos
  4 orcs
  A giant cockroach (D:2)
  8 goblins
  7 hobgoblins
  2 ball pythons
  9 bats
  6 frilled lizards
  6 kobolds
  9 rats
75 creatures vanquished.

Grand Total: 89 creatures vanquished

Notes
Turn   | Place    | Note
-------+----------+-------------------------------------------
     0 | D:1      | Gynju the Deep Elf Summoner began the quest for the Orb.
     0 | D:1      | Reached XP level 1. HP: 10/10 MP: 6/6
   248 | D:1      | You fall into a shaft and drop 1 floor!
   864 | D:2      | Noticed Robin
   871 | D:2      | Reached XP level 2. HP: 15/15 MP: 2/8
   887 | D:1      | Learned a level 2 spell: Call Imp
  1718 | D:2      | Killed Robin
  1718 | D:2      | Reached XP level 3. HP: 19/19 MP: 2/10
  1935 | D:2      | Noticed Natasha
  1959 | D:2      | Killed Natasha
  2243 | D:2      | Noticed Natasha
  2265 | D:2      | Killed Natasha
  2389 | D:2      | Noticed Natasha
  2407 | D:2      | Killed Natasha
  2407 | D:2      | Reached XP level 4. HP: 18/24 MP: 2/12
  2951 | D:2      | Learned a level 4 spell: Summon Lightning Spire
  3045 | D:3      | Found a stormy altar of Qazlal.
  3293 | D:3      | Reached skill level 5 in Summonings
  3832 | D:3      | Reached XP level 5. HP: 13/28 MP: 9/13
  4147 | D:3      | Reached skill level 1 in Air Magic
  4295 | D:4      | Noticed an ogre
  4305 | D:4      | Killed an ogre
  4708 | D:4      | Found a burning altar of Makhleb.
  4708 | D:4      | Found a basalt altar of Yredelemnul.
  4888 | D:4      | Found an iron altar of Okawaru.
  5007 | D:4      | Found a shimmering blue altar of Sif Muna.
  5110 | D:4      | Noticed Edmund
  5139 | D:4      | Killed Edmund
  5139 | D:4      | Reached XP level 6. HP: 32/32 MP: 2/15
  5383 | D:5      | Entered Level 5 of the Dungeon
  5393 | D:5      | Noticed Sigmund
  5401 | D:4      | Reached skill level 5 in Spellcasting
  5640 | D:5      | Noticed Menkaure
  5651 | D:5      | Killed Menkaure
  5652 | D:5      | Killed from afar by an orc priest

Levels and vault maps discovered:
D:1:      saegor_arrival_simple_d, layout_rooms
D:2:      kb_forest_paths, layout_basic, serial_park_tiny_1,
          serial_bayou_lagoon_a, minmay_strange_pillars, uniq_robin,
          uniq_natasha
D:3:      layout_basic, lemuel_crystal_altar, hex_intersection
D:4:      layout_loops_corners, lemuel_crystal_altar,
          nicolae_overflow_hidden_temple, gammafunk_temple_overflow_pools,
          uniq_edmund
D:5:      layout_cave_pools, first_ration, fedhas_ov_isle_minmay,
          uniq_blork_the_orc, uniq_menkaure, uniq_sigmund

Skill      XL: |  1  2  3  4  5  6 |
---------------+-------------------+-----
Stealth        | 3 4 |  4.8
Dodging        | 3 4 |  4.5
Spellcasting   | 4 5 |  5.2
Summonings     | 5 |  5.0
Air Magic      | 1 2 |  2.2

Action                   |  1- 3 |  4- 6 || total
-------------------------+-------+-------++-------
Melee: Unarmed           |    16 |       ||    16
       Short sword       |    16 |    29 ||    45
 Cast: Summon Small Mamm |    34 |       ||    34
       Call Imp          |    46 |    81 ||   127
 Stab: Distracted        |     1 |     2 ||     3
       Sleeping          |       |     2 ||     2
  Eat: Chunk             |     6 |     9 ||    15
Armor: Leather armour    |     8 |       ||     8
       Robe              |     8 |     7 ||    15
Dodge: Dodged            |    44 |    17 ||    61

Table legend:
 A = Non-vault XP
 B = Vault XP
 C = Vault XP percentage of total XP
 D = Non-vault monster count
 E = Vault monster count
 F = Vault count percentage of total count
                 A         B        C        D         E       F
            +---------+---------+-------+---------+---------+-------
      Total |     302 |     212 |  41.2 |      68 |      21 |  23.6
            +---------+---------+-------+---------+---------+-------
        D:1 |      24 |       0 |   0.0 |      19 |       0 |   0.0
        D:2 |      52 |      47 |  47.5 |      15 |      19 |  55.9
        D:3 |      86 |       0 |   0.0 |      27 |       0 |   0.0
        D:4 |     140 |      73 |  34.3 |       7 |       1 |  12.5
        D:5 |       0 |      92 | 100.0 |       0 |       1 | 100.0
            +---------+---------+-------+---------+---------+-------
